Connexion

CAROLINA Hurricanes vs WASHINGTON Capitals

Created - 25 mars 2024 at 06:54

Goals
1 2 3 T
CAROLINA Hurricanes 1 1 1 3
WASHINGTON Capitals 1 1 0 2
Shots
1 2 3 T
CAROLINA Hurricanes 10 7 8 25
WASHINGTON Capitals 13 8 5 26

GoalsPenalties
1st period
1. WASHINGTON Capitals , Nikita Kucherov 51 (Brandon Hagel 55) at 9:11
2. CAROLINA Hurricanes , Marcus Johansson 26 (Brett Pesce 37, Ryan Ellis 39) at 12:37
Sean Walker (WAS) for Interference (Minor) at 5:37
Shea Theodore (WAS) for Slashing (Minor) at 9:36
Wayne Simmonds (CAR) for Hooking (Minor) at 14:05
2nd period
3. CAROLINA Hurricanes , Pontus Aberg 26 (Brett Pesce 38, Ryan Ellis 40) at 10:10
4. WASHINGTON Capitals , Brandon Hagel 27 (Shea Theodore 71) at 13:52
Shea Theodore (WAS) for Goalie Interference (Minor) at 1:43
Owen Power (CAR) for Roughing (Minor) at 17:33
3rd period
5. CAROLINA Hurricanes , Pontus Aberg 27 (Cam York 26, Tyler Motte 32) at 8:54
Owen Power (CAR) for Holding (Minor) at 16:48
Goalie Stats
Antti Raanta (CAR), 24 saves from 26 shots - (0,923), W, 7-10-1, 60:00 minutes
Marcus Hogberg (WAS), 22 saves from 25 shots - (0,880), L, 8-7-5, 59:11 minutes
3 StarsOfficial
1 - Pontus Aberg (CAR)
2 - Ryan Ellis (CAR)
3 - Brett Pesce (CAR)
Referees : Wes McCauley and Chris Rooney
Linesman : Don Henderson and Steve Barton
Game Note
No Game Note
Finance
Level 1 -- Attendance: 4592 (76,53%) -- Ticket Income $757,680
Level 2 -- Attendance: 3726 (70,61%) -- Ticket Income $409,860
Level 3 -- Attendance: 1095 (54,75%) -- Ticket Income $93,075
Level 4 -- Attendance: 2411 (60,28%) -- Ticket Income $139,838
Luxury Box -- Attendance: 959 (95,90%) -- Ticket Income $239,750
Game was played at the Verizon Center.
Total Attendance: 12783 (69,94%)
Total Ticket Income: $1,640,203
Other Income: $328,041
Total Income: $1,968,244



Team Name Goals Shots Shots Attemp Shots Blocked PIM HIT PP PK FO%
CAROLINA Hurricanes 32548126180 / 3 (0%)037%
WASHINGTON Capitals 2266026110 / 3 (0%)063%

CAROLINA Hurricanes
Player Name POS G A P +/- PIM HIT SHT SB MP PP MP PP SHT PK MP PK SHT FO% FOT
Alexandre TexierC/LW000101006:160:0000:0000% 0
Blake LizotteC000000100:430:0000:2700% 0
Blake WheelerLW/RW0000001114:230:0000:0000% 0
Brandon SutterC/RW0001000018:473:1400:0000% 0
Brett PesceD0222015023:162:4312:5400% 0
Cam YorkD0111000215:330:0001:5200% 0
Colton SissonsC/LW/RW0000000016:180:0001:55045% 11
Connor DewarC000102006:160:0000:0000% 4
Curtis LazarC/LW/RW0000031014:230:0000:0000% 0
Esa LindellD000-2031423:033:1413:0300% 0
James van RiemsdykLW/RW000-1005017:012:4302:2400% 0
KAndre MillerD0001010213:410:0000:0000% 0
Marcus JohanssonC/LW/RW1010001023:472:4303:10038% 29
Owen PowerD000-2422120:393:1420:4100% 0
Pontus AbergLW/RW2021005018:473:1400:000100% 2
Ryan EllisD0222030223:462:4303:2400% 0
Tyler MotteC/LW/RW0111012019:573:1401:10033% 27
Wayne SimmondsLW/RW000-1211017:242:4302:4800% 0
WASHINGTON Capitals
Player Name POS G A P +/- PIM HIT SHT SB MP PP MP PP SHT PK MP PK SHT FO% FOT
Aleksander BarkovC0001002022:513:1202:38169% 29
Alex KillornC/LW/RW000-1031013:462:4500:0000% 0
Alex PietrangeloD0000002021:262:4822:5500% 0
Andreas JohnssonLW/RW000-1000014:270:0000:0000% 0
Brandon HagelLW1121004124:083:1203:550100% 1
Denis GurianovLW/RW000-1001011:010:0000:0000% 0
Dryden HuntC/LW000000005:370:0000:00050% 4
Frederick GaudreauC/RW000-1004020:312:4503:19057% 28
Givani SmithRW000000105:370:0000:0000% 0
Jared McCannC/LW000-1013019:142:4522:0200% 1
Joel HanleyD0000022023:303:0913:0200% 0
Joel KivirantaLW000000205:370:0000:0000% 0
Mikey EyssimontC/LW000-1001011:010:0000:00078% 9
Nick JensenD0000020019:330:0002:5500% 0
Nikita KucherovRW1011023020:133:1200:0000% 1
Sean WalkerD000-1200016:362:4800:3000% 0
Shea TheodoreD0110400023:023:0900:5100% 0
Slater KoekkoekD000-1010115:500:0001:4100% 0



Play-by-Play

1st period


0:01 of 1st period - Aleksander Barkov wins face-off versus Marcus Johansson in neutral zone.
0:06 of 1st period - Shot by Shea Theodore.
0:06 of 1st period - Shot Misses the Net.
0:08 of 1st period - Shot by Joel Hanley.
0:08 of 1st period - Stopped by Antti Raanta without a rebound.
0:09 of 1st period - Tyler Motte wins face-off versus Frederick Gaudreau in CAROLINA Hurricanes zone.
0:48 of 1st period - Shot by Jared McCann.
0:48 of 1st period - Shot Misses the Net.
0:50 of 1st period - Shot by Frederick Gaudreau.
0:50 of 1st period - Stopped by Antti Raanta without a rebound.
0:51 of 1st period - Aleksander Barkov wins face-off versus Marcus Johansson in CAROLINA Hurricanes zone.
0:58 of 1st period - Shot by Brett Pesce.
0:58 of 1st period - Stopped by Marcus Hogberg with a rebound.
1:25 of 1st period - Shot by Wayne Simmonds.
1:25 of 1st period - Shot Misses the Net.
2:10 of 1st period - Shot by Denis Gurianov.
2:10 of 1st period - Deflect By Alex Killorn.
2:10 of 1st period - Shot Misses the Net.
2:12 of 1st period - Shot by Denis Gurianov.
2:12 of 1st period - Stopped by Antti Raanta without a rebound.
2:13 of 1st period - Dryden Hunt wins face-off versus Tyler Motte in CAROLINA Hurricanes zone.
4:22 of 1st period - Shot by Frederick Gaudreau.
4:22 of 1st period - Stopped by Antti Raanta without a rebound.
4:23 of 1st period - Aleksander Barkov wins face-off versus Tyler Motte in CAROLINA Hurricanes zone.
4:55 of 1st period - Owen Power is hit by Joel Hanley and loses puck.
5:35 of 1st period - Shot by Brett Pesce.
5:35 of 1st period - Stopped by Marcus Hogberg without a rebound.
5:36 of 1st period - Marcus Johansson wins face-off versus Dryden Hunt in WASHINGTON Capitals zone.
5:36 of 1st period - Marcus Johansson is hit by Slater Koekkoek.
5:37 of 1st period - Minor Penalty to Sean Walker for Interference.
5:38 of 1st period - Frederick Gaudreau wins face-off versus Marcus Johansson in WASHINGTON Capitals zone.
5:55 of 1st period - Shot by Wayne Simmonds.
5:55 of 1st period - Shot Misses the Net.
5:57 of 1st period - Shot by Brett Pesce.
5:57 of 1st period - Stopped by Marcus Hogberg without a rebound.
5:58 of 1st period - Marcus Johansson wins face-off versus Frederick Gaudreau in WASHINGTON Capitals zone.
6:17 of 1st period - Shot by Brandon Hagel.
6:17 of 1st period - Shot Misses the Net.
7:07 of 1st period - Shot by Owen Power.
7:07 of 1st period - Stopped by Marcus Hogberg without a rebound.
7:08 of 1st period - Brandon Hagel wins face-off versus Tyler Motte in WASHINGTON Capitals zone.
8:11 of 1st period - Shot by Blake Wheeler.
8:11 of 1st period - Shot Hit the Post.
8:13 of 1st period - Shot by KAndre Miller.
8:13 of 1st period - Shot Misses the Net.
8:28 of 1st period - Icing by Mikey Eyssimont.
8:29 of 1st period - Mikey Eyssimont wins face-off versus Marcus Johansson in WASHINGTON Capitals zone.
8:54 of 1st period - Shot by Brett Pesce.
8:54 of 1st period - Stopped by Marcus Hogberg without a rebound.
8:55 of 1st period - Aleksander Barkov wins face-off versus Tyler Motte in WASHINGTON Capitals zone.
9:11 of 1st period - Shot by Brandon Hagel.
9:11 of 1st period - Deflect By Nikita Kucherov.
9:11 of 1st period - Goal by Nikita Kucherov - CAROLINA Hurricanes : 0 - WASHINGTON Capitals : 1.
9:12 of 1st period - Frederick Gaudreau wins face-off versus Marcus Johansson in neutral zone.
9:36 of 1st period - Minor Penalty to Shea Theodore for Slashing.
9:37 of 1st period - Tyler Motte wins face-off versus Frederick Gaudreau in WASHINGTON Capitals zone.
9:40 of 1st period - Shot by Owen Power.
9:40 of 1st period - Stopped by Marcus Hogberg with a rebound.
9:52 of 1st period - Shot by Owen Power.
9:52 of 1st period - Shot Misses the Net.
10:06 of 1st period - Shot by Esa Lindell.
10:06 of 1st period - Shot Misses the Net.
10:08 of 1st period - Shot by Esa Lindell.
10:08 of 1st period - Stopped by Marcus Hogberg without a rebound.
10:09 of 1st period - Marcus Johansson wins face-off versus Frederick Gaudreau in WASHINGTON Capitals zone.
10:16 of 1st period - Shot by Ryan Ellis.
10:16 of 1st period - Shot Misses the Net.
10:18 of 1st period - Shot by Ryan Ellis.
10:18 of 1st period - Shot Misses the Net.
11:34 of 1st period - Shot by Brandon Sutter.
11:34 of 1st period - Shot Misses the Net.
12:04 of 1st period - Shot by Joel Kiviranta.
12:04 of 1st period - Stopped by Antti Raanta without a rebound.
12:05 of 1st period - Mikey Eyssimont wins face-off versus Connor Dewar in CAROLINA Hurricanes zone.
12:05 of 1st period - Alex Killorn is hit by Ryan Ellis and loses puck.
12:20 of 1st period - Shot by Alexandre Texier.
12:20 of 1st period - Shot Misses the Net.
12:28 of 1st period - Slater Koekkoek is hit by Connor Dewar and loses puck.
12:37 of 1st period - Shot by Marcus Johansson.
12:37 of 1st period - Goal by Marcus Johansson - CAROLINA Hurricanes : 1 - WASHINGTON Capitals : 1.
12:38 of 1st period - Aleksander Barkov wins face-off versus Tyler Motte in neutral zone.
12:42 of 1st period - Nick Jensen is hit by Owen Power and loses puck.
12:50 of 1st period - Brandon Hagel is hit by Esa Lindell.
12:56 of 1st period - Shot by Aleksander Barkov.
12:56 of 1st period - Stopped by Antti Raanta without a rebound.
12:57 of 1st period - Frederick Gaudreau wins face-off versus Colton Sissons in CAROLINA Hurricanes zone.
12:58 of 1st period - Shot by Jared McCann.
12:58 of 1st period - Shot Misses the Net.
13:03 of 1st period - Icing by Colton Sissons.
13:04 of 1st period - Colton Sissons wins face-off versus Aleksander Barkov in CAROLINA Hurricanes zone.
13:04 of 1st period - Colton Sissons is hit by Nikita Kucherov.
13:16 of 1st period - Shot by Aleksander Barkov.
13:16 of 1st period - Shot Misses the Net.
13:18 of 1st period - Shot by Brandon Hagel.
13:18 of 1st period - Shot Misses the Net.
13:20 of 1st period - Shot by Aleksander Barkov.
13:20 of 1st period - Shot Blocked by Cam York.
13:24 of 1st period - Shot by Nikita Kucherov.
13:24 of 1st period - Shot Blocked by Blake Wheeler.
13:26 of 1st period - Shot by Nikita Kucherov.
13:26 of 1st period - Shot Misses the Net.
13:36 of 1st period - Shot by Brandon Hagel.
13:36 of 1st period - Stopped by Antti Raanta with a rebound.
14:05 of 1st period - Minor Penalty to Wayne Simmonds for Hooking.
14:06 of 1st period - Frederick Gaudreau wins face-off versus Marcus Johansson in CAROLINA Hurricanes zone.
14:07 of 1st period - Shot by Jared McCann.
14:07 of 1st period - Shot Hit the Post.
14:13 of 1st period - Shot by Alex Killorn.
14:13 of 1st period - Shot Misses the Net.
14:15 of 1st period - Shot by Sean Walker.
14:15 of 1st period - Deflect By Jared McCann.
14:15 of 1st period - Stopped by Antti Raanta without a rebound.
14:16 of 1st period - Frederick Gaudreau wins face-off versus Marcus Johansson in CAROLINA Hurricanes zone.
14:23 of 1st period - Shot by Alex Pietrangelo.
14:23 of 1st period - Stopped by Antti Raanta without a rebound.
14:24 of 1st period - Aleksander Barkov wins face-off versus Colton Sissons in CAROLINA Hurricanes zone.
14:37 of 1st period - Shot by Alex Pietrangelo.
14:37 of 1st period - Shot Misses the Net.
14:39 of 1st period - Shot by Aleksander Barkov.
14:39 of 1st period - Shot Misses the Net.
14:41 of 1st period - Shot by Alex Pietrangelo.
14:41 of 1st period - Stopped by Antti Raanta without a rebound.
14:42 of 1st period - Marcus Johansson wins face-off versus Frederick Gaudreau in CAROLINA Hurricanes zone.
14:53 of 1st period - Brett Pesce is hit by Jared McCann and loses puck.
15:58 of 1st period - Off-side.
15:59 of 1st period - Aleksander Barkov wins face-off versus Marcus Johansson in neutral zone.
16:11 of 1st period - Dryden Hunt is hit by KAndre Miller and loses puck.
16:16 of 1st period - Shot by Dryden Hunt.
16:16 of 1st period - Shot Blocked by KAndre Miller.
16:42 of 1st period - Shot by Pontus Aberg.
16:42 of 1st period - Stopped by Marcus Hogberg without a rebound.
16:43 of 1st period - Colton Sissons wins face-off versus Aleksander Barkov in WASHINGTON Capitals zone.
17:00 of 1st period - Shot by Blake Wheeler.
17:00 of 1st period - Stopped by Marcus Hogberg without a rebound.
17:01 of 1st period - Frederick Gaudreau wins face-off versus Marcus Johansson in WASHINGTON Capitals zone.
17:22 of 1st period - Shot by Frederick Gaudreau.
17:22 of 1st period - Stopped by Antti Raanta with a rebound.
17:24 of 1st period - Shot by Frederick Gaudreau.
17:24 of 1st period - Stopped by Antti Raanta without a rebound.
17:25 of 1st period - Tyler Motte wins face-off versus Aleksander Barkov in CAROLINA Hurricanes zone.
17:25 of 1st period - Tyler Motte is hit by Nikita Kucherov.
17:30 of 1st period - Pontus Aberg is hit by Joel Hanley and loses puck.
18:40 of 1st period - Frederick Gaudreau is hit by Owen Power.
19:53 of 1st period - Icing by Slater Koekkoek.
19:54 of 1st period - Mikey Eyssimont wins face-off versus Tyler Motte in WASHINGTON Capitals zone.
19:56 of 1st period - Icing by Denis Gurianov.
19:57 of 1st period - Mikey Eyssimont wins face-off versus Tyler Motte in WASHINGTON Capitals zone.
Goals for this period are 1 for CAROLINA Hurricanes vs 1 for WASHINGTON Capitals.
Shots for this period are 10 for CAROLINA Hurricanes vs 13 for WASHINGTON Capitals.

2nd period


0:01 of 2nd period - Marcus Johansson wins face-off versus Aleksander Barkov in neutral zone.
0:06 of 2nd period - Shot by James van Riemsdyk.
0:06 of 2nd period - Stopped by Marcus Hogberg with a rebound.
0:30 of 2nd period - Shot by Shea Theodore.
0:30 of 2nd period - Shot Blocked by Ryan Ellis.
0:32 of 2nd period - Shot by Nikita Kucherov.
0:32 of 2nd period - Shot Misses the Net.
0:34 of 2nd period - Shot by Brandon Hagel.
0:34 of 2nd period - Stopped by Antti Raanta without a rebound.
0:35 of 2nd period - Tyler Motte wins face-off versus Frederick Gaudreau in CAROLINA Hurricanes zone.
1:02 of 2nd period - Shot by Jared McCann.
1:02 of 2nd period - Shot Blocked by Esa Lindell.
1:43 of 2nd period - Minor Penalty to Shea Theodore for Goalie Interference.
1:44 of 2nd period - Marcus Johansson wins face-off versus Aleksander Barkov in WASHINGTON Capitals zone.
2:19 of 2nd period - Shot by Aleksander Barkov.
2:19 of 2nd period - Stopped by Antti Raanta without a rebound.
2:20 of 2nd period - Frederick Gaudreau wins face-off versus Tyler Motte in CAROLINA Hurricanes zone.
2:52 of 2nd period - Icing by Brandon Sutter.
2:53 of 2nd period - Aleksander Barkov wins face-off versus Tyler Motte in CAROLINA Hurricanes zone.
3:13 of 2nd period - Icing by Brandon Sutter.
3:14 of 2nd period - Tyler Motte wins face-off versus Frederick Gaudreau in CAROLINA Hurricanes zone.
3:41 of 2nd period - Shot by Ryan Ellis.
3:41 of 2nd period - Shot Misses the Net.
3:54 of 2nd period - Off-side.
3:55 of 2nd period - Marcus Johansson wins face-off versus Dryden Hunt in neutral zone.
4:21 of 2nd period - Dryden Hunt is hit by Brett Pesce and loses puck.
4:47 of 2nd period - Off-side.
4:48 of 2nd period - Pontus Aberg wins face-off versus Aleksander Barkov in neutral zone.
4:57 of 2nd period - Shot by Aleksander Barkov.
4:57 of 2nd period - Shot Blocked by Esa Lindell.
5:12 of 2nd period - Nikita Kucherov is hit by Esa Lindell.
6:11 of 2nd period - Nikita Kucherov is hit by Curtis Lazar and loses puck.
6:47 of 2nd period - Icing by James van Riemsdyk.
6:48 of 2nd period - Frederick Gaudreau wins face-off versus Marcus Johansson in CAROLINA Hurricanes zone.
6:53 of 2nd period - Shot by Jared McCann.
6:53 of 2nd period - Stopped by Antti Raanta without a rebound.
6:54 of 2nd period - Frederick Gaudreau wins face-off versus Connor Dewar in CAROLINA Hurricanes zone.
7:59 of 2nd period - Brett Pesce is hit by Alex Killorn and loses puck.
8:11 of 2nd period - Ryan Ellis is hit by Nick Jensen and loses puck.
8:16 of 2nd period - Shot by Tyler Motte.
8:16 of 2nd period - Shot Misses the Net.
8:38 of 2nd period - Shot by Tyler Motte.
8:38 of 2nd period - Shot Misses the Net.
9:02 of 2nd period - Shot by Shea Theodore.
9:02 of 2nd period - Shot Misses the Net.
9:14 of 2nd period - Shot by Givani Smith.
9:14 of 2nd period - Stopped by Antti Raanta without a rebound.
9:15 of 2nd period - Marcus Johansson wins face-off versus Frederick Gaudreau in CAROLINA Hurricanes zone.
9:20 of 2nd period - Shot by James van Riemsdyk.
9:20 of 2nd period - Stopped by Marcus Hogberg without a rebound.
9:21 of 2nd period - Aleksander Barkov wins face-off versus Marcus Johansson in WASHINGTON Capitals zone.
9:47 of 2nd period - Shot by Wayne Simmonds.
9:47 of 2nd period - Stopped by Marcus Hogberg with a rebound.
9:49 of 2nd period - Shot by Marcus Johansson.
9:49 of 2nd period - Shot Blocked by Brandon Hagel.
9:57 of 2nd period - Shot by Marcus Johansson.
9:57 of 2nd period - Deflect By James van Riemsdyk.
9:57 of 2nd period - Stopped by Marcus Hogberg without a rebound.
9:58 of 2nd period - Frederick Gaudreau wins face-off versus Tyler Motte in WASHINGTON Capitals zone.
10:04 of 2nd period - Icing by Shea Theodore.
10:05 of 2nd period - Tyler Motte wins face-off versus Frederick Gaudreau in WASHINGTON Capitals zone.
10:10 of 2nd period - Shot by Pontus Aberg.
10:10 of 2nd period - Goal by Pontus Aberg - CAROLINA Hurricanes : 2 - WASHINGTON Capitals : 1.
10:11 of 2nd period - Frederick Gaudreau wins face-off versus Tyler Motte in neutral zone.
10:17 of 2nd period - Andreas Johnsson is hit by Ryan Ellis and loses puck.
10:33 of 2nd period - Icing by Joel Hanley.
10:34 of 2nd period - Marcus Johansson wins face-off versus Frederick Gaudreau in WASHINGTON Capitals zone.
10:37 of 2nd period - Shot by Owen Power.
10:37 of 2nd period - Shot Misses the Net.
11:37 of 2nd period - Shot by Brandon Sutter.
11:37 of 2nd period - Shot Misses the Net.
12:06 of 2nd period - Shot by Pontus Aberg.
12:06 of 2nd period - Stopped by Marcus Hogberg without a rebound.
12:07 of 2nd period - Mikey Eyssimont wins face-off versus Colton Sissons in WASHINGTON Capitals zone.
13:52 of 2nd period - Shot by Brandon Hagel.
13:52 of 2nd period - Goal by Brandon Hagel - CAROLINA Hurricanes : 2 - WASHINGTON Capitals : 2.
13:53 of 2nd period - Frederick Gaudreau wins face-off versus Tyler Motte in neutral zone.
14:42 of 2nd period - Icing by Brett Pesce.
14:43 of 2nd period - Aleksander Barkov wins face-off versus Tyler Motte in CAROLINA Hurricanes zone.
14:43 of 2nd period - Aleksander Barkov is hit by Ryan Ellis.
14:55 of 2nd period - Shot by Brandon Hagel.
14:55 of 2nd period - Deflect By Nikita Kucherov.
14:55 of 2nd period - Shot Blocked by Ryan Ellis.
15:15 of 2nd period - Icing by Esa Lindell.
15:16 of 2nd period - Marcus Johansson wins face-off versus Mikey Eyssimont in CAROLINA Hurricanes zone.
15:36 of 2nd period - Slater Koekkoek is hit by Wayne Simmonds and loses puck.
16:33 of 2nd period - Shot by Nikita Kucherov.
16:33 of 2nd period - Stopped by Antti Raanta without a rebound.
16:34 of 2nd period - Tyler Motte wins face-off versus Jared McCann in CAROLINA Hurricanes zone.
16:53 of 2nd period - Shot by Brandon Sutter.
16:53 of 2nd period - Shot Misses the Net.
16:55 of 2nd period - Shot by Tyler Motte.
16:55 of 2nd period - Stopped by Marcus Hogberg without a rebound.
16:56 of 2nd period - Aleksander Barkov wins face-off versus Connor Dewar in WASHINGTON Capitals zone.
16:56 of 2nd period - Aleksander Barkov is hit by Connor Dewar.
17:33 of 2nd period - Minor Penalty to Owen Power for Roughing.
17:34 of 2nd period - Frederick Gaudreau wins face-off versus Marcus Johansson in CAROLINA Hurricanes zone.
17:57 of 2nd period - Shot by Jared McCann.
17:57 of 2nd period - Shot Misses the Net.
18:15 of 2nd period - Shot by Jared McCann.
18:15 of 2nd period - Shot Misses the Net.
18:17 of 2nd period - Shot by Jared McCann.
18:17 of 2nd period - Stopped by Antti Raanta without a rebound.
18:18 of 2nd period - Aleksander Barkov wins face-off versus Marcus Johansson in CAROLINA Hurricanes zone.
18:59 of 2nd period - Icing by Nikita Kucherov.
19:00 of 2nd period - Aleksander Barkov wins face-off versus Marcus Johansson in WASHINGTON Capitals zone.
19:27 of 2nd period - Shot by Jared McCann.
19:27 of 2nd period - Shot Blocked by Cam York.
19:57 of 2nd period - Shot by Givani Smith.
19:57 of 2nd period - Deflect By Joel Kiviranta.
19:57 of 2nd period - Stopped by Antti Raanta with a rebound.
Goals for this period are 1 for CAROLINA Hurricanes vs 1 for WASHINGTON Capitals.
Shots for this period are 7 for CAROLINA Hurricanes vs 8 for WASHINGTON Capitals.

3rd period


0:01 of 3rd period - Aleksander Barkov wins face-off versus Marcus Johansson in neutral zone.
1:24 of 3rd period - Icing by Alex Pietrangelo.
1:25 of 3rd period - Frederick Gaudreau wins face-off versus Colton Sissons in WASHINGTON Capitals zone.
1:25 of 3rd period - Andreas Johnsson is hit by Curtis Lazar and loses puck.
3:03 of 3rd period - Shot by Wayne Simmonds.
3:03 of 3rd period - Deflect By James van Riemsdyk.
3:03 of 3rd period - Shot Misses the Net.
3:05 of 3rd period - Shot by Wayne Simmonds.
3:05 of 3rd period - Shot Misses the Net.
3:07 of 3rd period - Shot by Brett Pesce.
3:07 of 3rd period - Deflect By James van Riemsdyk.
3:07 of 3rd period - Stopped by Marcus Hogberg without a rebound.
3:08 of 3rd period - Aleksander Barkov wins face-off versus Tyler Motte in WASHINGTON Capitals zone.
3:21 of 3rd period - Shot by Brandon Hagel.
3:21 of 3rd period - Stopped by Antti Raanta without a rebound.
3:22 of 3rd period - Dryden Hunt wins face-off versus Connor Dewar in CAROLINA Hurricanes zone.
4:01 of 3rd period - Shot by Givani Smith.
4:01 of 3rd period - Shot Blocked by Owen Power.
5:55 of 3rd period - Shot by Alex Killorn.
5:55 of 3rd period - Stopped by Antti Raanta with a rebound.
6:39 of 3rd period - Shot by Pontus Aberg.
6:39 of 3rd period - Shot Misses the Net.
7:47 of 3rd period - Shot by Brandon Hagel.
7:47 of 3rd period - Shot Misses the Net.
7:49 of 3rd period - Shot by Nikita Kucherov.
7:49 of 3rd period - Stopped by Antti Raanta without a rebound.
7:50 of 3rd period - Frederick Gaudreau wins face-off versus Tyler Motte in CAROLINA Hurricanes zone.
7:57 of 3rd period - Jared McCann is hit by Tyler Motte.
8:32 of 3rd period - Icing by Sean Walker.
8:33 of 3rd period - Colton Sissons wins face-off versus Frederick Gaudreau in WASHINGTON Capitals zone.
8:40 of 3rd period - Shot by Colton Sissons.
8:40 of 3rd period - Shot Blocked by Slater Koekkoek.
8:42 of 3rd period - Shot by Curtis Lazar.
8:42 of 3rd period - Stopped by Marcus Hogberg without a rebound.
8:43 of 3rd period - Colton Sissons wins face-off versus Aleksander Barkov in WASHINGTON Capitals zone.
8:43 of 3rd period - Colton Sissons is hit by Nick Jensen.
8:50 of 3rd period - Icing by Alex Pietrangelo.
8:51 of 3rd period - Tyler Motte wins face-off versus Aleksander Barkov in WASHINGTON Capitals zone.
8:54 of 3rd period - Shot by Pontus Aberg.
8:54 of 3rd period - Goal by Pontus Aberg - CAROLINA Hurricanes : 3 - WASHINGTON Capitals : 2.
8:55 of 3rd period - Aleksander Barkov wins face-off versus Colton Sissons in neutral zone.
9:45 of 3rd period - Shot by Pontus Aberg.
9:45 of 3rd period - Stopped by Marcus Hogberg without a rebound.
9:46 of 3rd period - Tyler Motte wins face-off versus Frederick Gaudreau in WASHINGTON Capitals zone.
10:30 of 3rd period - Icing by Jared McCann.
10:31 of 3rd period - Frederick Gaudreau wins face-off versus Marcus Johansson in WASHINGTON Capitals zone.
10:54 of 3rd period - Shot by Mikey Eyssimont.
10:54 of 3rd period - Stopped by Antti Raanta without a rebound.
10:55 of 3rd period - Colton Sissons wins face-off versus Nikita Kucherov in CAROLINA Hurricanes zone.
12:24 of 3rd period - KAndre Miller is hit by Alex Killorn.
12:32 of 3rd period - Colton Sissons is hit by Alex Killorn and loses puck.
12:45 of 3rd period - Shot by Jared McCann.
12:45 of 3rd period - Shot Blocked by KAndre Miller.
12:59 of 3rd period - Nick Jensen is hit by Curtis Lazar and loses puck.
13:22 of 3rd period - Shot by Nick Jensen.
13:22 of 3rd period - Shot Misses the Net.
14:15 of 3rd period - Shot by Brett Pesce.
14:15 of 3rd period - Stopped by Marcus Hogberg without a rebound.
14:16 of 3rd period - Mikey Eyssimont wins face-off versus Tyler Motte in WASHINGTON Capitals zone.
15:17 of 3rd period - Nick Jensen is hit by Alexandre Texier and loses puck.
16:10 of 3rd period - Shot by Owen Power.
16:10 of 3rd period - Shot Misses the Net.
16:12 of 3rd period - Shot by Esa Lindell.
16:12 of 3rd period - Shot Misses the Net.
16:14 of 3rd period - Shot by Blake Lizotte.
16:14 of 3rd period - Stopped by Marcus Hogberg without a rebound.
16:15 of 3rd period - Aleksander Barkov wins face-off versus Marcus Johansson in WASHINGTON Capitals zone.
16:39 of 3rd period - Shot by James van Riemsdyk.
16:39 of 3rd period - Stopped by Marcus Hogberg without a rebound.
16:40 of 3rd period - Pontus Aberg wins face-off versus Mikey Eyssimont in WASHINGTON Capitals zone.
16:41 of 3rd period - Shot by Tyler Motte.
16:41 of 3rd period - Stopped by Marcus Hogberg without a rebound.
16:42 of 3rd period - Mikey Eyssimont wins face-off versus Tyler Motte in WASHINGTON Capitals zone.
16:48 of 3rd period - Minor Penalty to Owen Power for Holding.
16:49 of 3rd period - Aleksander Barkov wins face-off versus Marcus Johansson in CAROLINA Hurricanes zone.
16:49 of 3rd period - Aleksander Barkov is hit by Esa Lindell.
16:53 of 3rd period - Shot by Aleksander Barkov.
16:53 of 3rd period - Shot Misses the Net.
16:55 of 3rd period - Shot by Brandon Hagel.
16:55 of 3rd period - Shot Hit the Post.
16:57 of 3rd period - Shot by Joel Hanley.
16:57 of 3rd period - Stopped by Antti Raanta without a rebound.
16:58 of 3rd period - Marcus Johansson wins face-off versus Aleksander Barkov in CAROLINA Hurricanes zone.
18:02 of 3rd period - Icing by Brandon Hagel.
18:03 of 3rd period - Aleksander Barkov wins face-off versus Colton Sissons in WASHINGTON Capitals zone.
18:16 of 3rd period - Shot by Alex Killorn.
18:16 of 3rd period - Shot Blocked by Esa Lindell.
18:18 of 3rd period - Shot by Jared McCann.
18:18 of 3rd period - Shot Blocked by Esa Lindell.
18:20 of 3rd period - Shot by Frederick Gaudreau.
18:20 of 3rd period - Shot Misses the Net.
19:09 of 3rd period - Icing by Ryan Ellis.
19:10 of 3rd period - Aleksander Barkov wins face-off versus Tyler Motte in CAROLINA Hurricanes zone.
19:11 of 3rd period - WASHINGTON Capitals, Marcus Hogberg is pulled from the net.
19:35 of 3rd period - Shot by Brandon Hagel.
19:35 of 3rd period - Shot Misses the Net.
Goals for this period are 1 for CAROLINA Hurricanes vs 0 for WASHINGTON Capitals.
Shots for this period are 8 for CAROLINA Hurricanes vs 5 for WASHINGTON Capitals.